 Dungeon Crawl Stone Soup version 0.25.1-2-g60ff931df9 (webtiles) character file.

Game seed: 76757259484416216

45 Delamore the Skirmisher (level 3, -3/24 HPs)
             Began as a Gargoyle Fighter on Sept 10, 2020.
             Killed from afar by Sigmund (5 damage)
             ... with a magic dart
             ... on level 2 of the Dungeon.
             The game lasted 00:01:19 (1077 turns).

Delamore the Skirmisher (Gargoyle Fighter)          Turns: 1077, Time: 00:01:19

Health: -3/24      AC: 12    Str: 20    XL:     3   Next: 64%
Magic:  3/3        EV:  5    Int:  8    God:
Gold:   87         SH:  0    Dex:  9    Spells: 2/2 levels left

rFire    . . .     SeeInvis .   a - +0 flail
rCold    + . .     Gourm    .   c - +0 kite shield
rNeg     + . .     Faith    .   h - +0 chain mail
rPois    ∞         Spirit   .   (no helmet)
rElec    +         Reflect  .   (no cloak)
rCorr    .         Harm     .   (no gloves)
MR       .....                  (no boots)
Stlth    ..........             (no amulet)
HPRegen  0.08/turn              g - ring of protection from cold (curse)
MPRegen  0.08/turn              (no ring)

@: confused
A: negative energy resistance 1, electricity resistance, unbreathing,
petrification resistance, rot immunity, AC +3
a: no special abilities


You were on level 2 of the Dungeon.
You were not hungry.

You visited 1 branch of the dungeon, and saw 2 of its levels.

You collected 87 gold pieces.

Inventory:

Hand Weapons
 a - a +0 flail (weapon)
Armour
 b - a +0 scale mail
 c - a +0 kite shield (worn)
 h - a +0 chain mail (worn)
Jewellery
 g - a cursed ring of protection from cold (left hand)
Potions
 d - a potion of might
 e - 4 potions of brilliance {unknown}
 i - 2 potions of resistance {unknown}
 k - 3 potions of haste {unknown}
 l - 2 potions of degeneration {unknown}
 m - 2 potions of mutation {unknown}
Comestibles
 f - 3 rations
 j - 3 chunks of flesh


   Skills:
 + Level 3.9 Fighting
 + Level 2.7 Maces & Flails
 - Level 3.2 Armour
 + Level 3.9 Shields


You had 2 spell levels left.
You didn't know any spells.
Your spell library was empty.

Dungeon Overview and Level Annotations

Branches:
Dungeon (2/15)

Altars:

Annotations:
D:2 Sigmund


Innate Abilities, Weirdness & Mutations

You are resistant to torment.
Your stone body is resilient. (AC +3)
You are immune to poison.
You resist negative energy. (rN+)
You are resistant to electric shocks. (rElec)
You can survive without breathing.
You are immune to petrification.
You are immune to rotting.


Message History

A magic dart appears from out of thin air!
The magic dart hits you. Something hits you.
You bump into the rock wall.
Something hits you.
You feel less confused. Something hits you!
Something hits you but does no damage.
You hear some strange, mumbled words.
You are confused.
You bump into the rock wall.
Something hits you.
You bump into the rock wall.
The giant cockroach waves its antennae.
Something hits you but does no damage.
You bump into the rock wall.
Something hits you.
You bump into the rock wall.
Something hits you.
* * * LOW HITPOINT WARNING * * *
You bump into the rock wall.
A magic dart appears from out of thin air!
The magic dart hits you.
You die...

... ####.# .# .....##.#
#....... #.....# #.....#
##.#.#.# #######.÷..#@#
#<.........#.# ..
#.#####..÷##{########..#.
#.# ##....s............
#.# #.########.###..# #.#
#.# #)# #.# #.# #.# #.#
..# #s# #.# ..# ...


You could see a giant cockroach.

Vanquished Creatures
  An adder (D:2)
  An ooze (D:1)
  2 dart slugs (D:1)
  8 bats (D:1)
  2 giant cockroaches
  2 goblins (D:1)
  2 hobgoblins
  A quokka (D:2)
  A ball python (D:1)
  5 kobolds (D:1)
  4 rats (D:1)
29 creatures vanquished.

Notes
Turn   | Place    | Note
-------+----------+-------------------------------------------
     0 | D:1      | Delamore the Gargoyle Fighter began the quest for the Orb.
     0 | D:1      | Reached XP level 1. HP: 14/14 MP: 1/1
   119 | D:1      | Reached XP level 2. HP: 19/19 MP: 2/2
   482 | D:1      | Reached XP level 3. HP: 24/24 MP: 3/3
  1055 | D:2      | Noticed Sigmund
  1077 | D:2      | Killed from afar by Sigmund

Illustrated notes

Levels and vault maps discovered:
D:1:      scummos_arrival_hexagon, layout_basic
D:2:      layout_loops_ring, cheibriados_altar_1, first_ration,
          minmay_tromino_v4_b, uniq_sigmund

Action                   || total
-------------------------++-------
Melee: Flail             ||   103
  Eat: Chunk             ||     1
Armor: Scale mail        ||    10
       Chain mail        ||    70
Dodge: Dodged            ||    40
Block: Kite shield       ||    84
